AoeStats
← web

Black Forest

507404363Analyzed
4v4 RM · 14d ago on Sep 18, 2026· 37m 34s· 8 players
Game mode
Random Map
Map size
Large (8 player)
Population
200
Speed
Normal
Resources
Standard
Victory
Conquest
Starting age
Dark Age
Ending age
Imperial Age
RankedLock teamsTeams togetherTeam positionsShared explorationLock speedFull tech treeHidden civsTurbo modeCheats
Victory
Defeat
🇺🇸 Celts · United States
1317
+16
🇨🇴 Ethiopians · Colombia
1307
+16
🇺🇸 Italians · United States
1298
+16
🇲🇽 Cumans · Mexico
1288
+17
🇵🇪 Maya · Peru
1350
-18
1350
-18
🇺🇸 Gurjaras · United States
1297
-16
🇧🇷 Armenians · Brazil
1223
-13
web
0:31 Loom
12:25 Feudal Age
19:37 Castle Age
18:12 Double-Bit Axe
20:34 Bow Saw
20:05 Horse Collar
22:20 Wheelbarrow
26:17 Gold Mining
27:06 Heavy Plow
32:22 Imperial Age
31:06 Ballistics
32:37 Hand Cart
33:01 Town Watch
34:09 Heavy Scorpion
35:18 Conscription
le Julianchy
0:47 Loom
10:40 Feudal Age
11:22 Double-Bit Axe
13:30 Fletching
18:52 Padded Archer Armor
26:45 Castle Age
25:18 Horse Collar
27:59 Bow Saw
28:02 Crossbowman
29:10 Bodkin Arrow
33:42 Heavy Plow
34:23 Gold Mining
34:50 Thumb Ring
35:49 Wheelbarrow
36:00 Leather Archer Armor
Carleo_Intestin
9:19 Loom
11:05 Feudal Age
15:02 Castle Age
14:22 Double-Bit Axe
14:19 Horse Collar
14:54 Padded Archer Armor
17:51 Fletching
19:00 Bodkin Arrow
27:24 Imperial Age
27:35 Leather Archer Armor
28:07 Bracer
29:37 Ballistics
31:59 Chemistry
33:17 Elite Genoese Crossbowman
37:57 Ring Archer Armor
Cobos SANTOS (Cabo)
7:26 Loom
9:54 Feudal Age
10:32 Town Watch
10:19 Man-at-Arms
17:08 Horse Collar
18:45 Scale Mail Armor
23:47 Castle Age
21:51 Gold Mining
22:20 Arson
22:54 Forging
24:21 Wheelbarrow
23:51 Capped Ram
24:12 Long Swordsman
24:56 Double-Bit Axe
25:16 Heavy Plow
27:01 Gold Shaft Mining
26:39 Bow Saw
26:52 Squires
27:45 Chain Mail Armor
35:58 Imperial Age
34:58 Hand Cart
35:24 Scale Barding Armor
35:57 Steppe Husbandry
37:16 Chain Barding Armor
37:14 Bloodlines
36:28 Elite Steppe Lancer
37:14 Town Watch
I ONLY MAKE SKIRMS
5:13 Loom
11:21 Feudal Age
13:23 Double-Bit Axe
16:14 Castle Age
14:41 Horse Collar
17:18 Bow Saw
19:19 Scale Barding Armor
19:25 Forging
19:54 Bloodlines
19:45 Husbandry
30:28 Fletching
31:15 Iron Casting
31:00 Chain Barding Armor
30:41 Scale Mail Armor
37:12 Imperial Age
35:56 Chain Mail Armor
36:23 Wheelbarrow
Si me criticas te fedeo
0:32 Loom
11:55 Feudal Age
13:46 Town Watch
14:36 Wheelbarrow
14:30 Horse Collar
14:37 Double-Bit Axe
29:30 Stone Mining
29:33 Gold Mining
32:47 Castle Age
33:38 Heavy Plow
34:12 Bow Saw
theblademaster
0:26 Loom
10:42 Feudal Age
13:05 Wheelbarrow
16:33 Castle Age
14:33 Gold Mining
14:30 Double-Bit Axe
14:52 Stone Mining
16:04 Horse Collar
19:55 Heavy Plow
23:28 Hand Cart
31:42 Imperial Age
30:19 Bow Saw
30:22 Scale Mail Armor
30:25 Eagle Warrior
33:44 Chain Mail Armor
33:39 Forging
33:13 Elite Eagle Warrior
33:54 Squires
36:42 Plate Mail Armor
Komo Kazada
0:48 Loom
10:24 Feudal Age
10:25 Man-at-Arms
10:56 Double-Bit Axe
11:19 Long Swordsman
12:29 Arson
15:51 Horse Collar
18:14 Wheelbarrow
22:02 Castle Age
20:08 Stone Mining
20:46 Gold Mining
23:15 Bow Saw
30:31 Gold Shaft Mining
34:28 Imperial Age
32:18 Fletching
32:28 Padded Archer Armor
Connection lost

Rejoining the realm…

Still unreachable

The connection could not be restored.

Session expired

The server has moved on; the page needs a fresh start.